 Dungeon Crawl Stone Soup version 0.15.2 (webtiles) character file.

113072 DaftWullie the Swashbuckler (level 17, -3/107 (112) HPs)
             Began as a Kobold Berserker on Oct 12, 2014.
             Was a High Priest of Trog.
             Slain by a swamp dragon (18 damage)
             ... called by a spriggan druid
             ... on Level 5 of the Swamp on Dec 3, 2014.
             The game lasted 09:55:59 (43403 turns).

DaftWullie the Swashbuckler (Kobold Berserker)     Turns: 43403, Time: 09:56:00

HP  -3/107 (112) AC 10     Str 17      XL: 17   Next: 17%
MP  12/27        EV 31     Int  6      God: Trog [*****.]
Gold 2983        SH 11     Dex 20      Spells:  0 memorised, 16 levels left

rFire  . . .     SeeInvis .     D - +3 scimitar (flame)
rCold  . . .     Clarity  .     X - +2 robe {rN+}
rNeg   + . .     rCorr    .     z - +3 buckler
rPois  .         rRot     .     E - +2 helmet
rElec  .         Spirit   .     y - +0 cloak
SustAb .         Warding  .     s - +0 pair of gloves
rMut   .         Stasis   .     Q - +0 pair of boots
Gourm  .                        T - amulet of faith
MR     +....                    J - +4 ring of slaying
                                q - ring of stealth

@: lethally poisoned, exhausted, slowed, very slow, somewhat resistant to
hostile enchantments, extraordinarily stealthy
A: carnivore 3
a: Burn Spellbooks, Berserk, Trog's Hand, Brothers in Arms, Renounce Religion


You were on level 5 of the Swamp.
You worshipped Trog.
Trog was extremely pleased with you.
You were very full.

You visited 4 branches of the dungeon, and saw 32 of its levels.
You also visited: Bailey.

You collected 3079 gold pieces.
You spent 96 gold pieces at shops.

Inventory:

Hand weapons
 a - a +6 antimagic short sword
 b - a +0 hunting sling of flaming
 h - a +3 hunting sling of flaming
 D - a +3 scimitar of flaming (weapon)
 H - a +2 short sword of speed
 U - a +0 blowgun
Missiles
 d - 15 stones (quivered)
 t - 10 curare-tipped needles
 A - 93 poisoned needles
 M - 10 sling bullets
Armour
 l - a cursed +0 robe
 s - a +0 pair of gloves (worn)
 x - a +0 swamp dragon armour
 y - a +0 cloak (worn)
 z - a +3 buckler (worn)
 E - a +2 helmet (worn)
 Q - a +0 pair of boots (worn)
 X - a +2 robe of positive energy (worn)
Magical devices
 e - a wand of lightning (5)
 m - a wand of draining (0)
 F - a wand of frost (5)
 W - a wand of enslavement (6)
Comestibles
 c - 3 meat rations
 w - 2 rotting chunks of swamp worm flesh
Scrolls
 i - 2 scrolls of silence
 j - a scroll of fog
 n - 2 scrolls of acquirement
 o - a scroll of summoning
 p - a scroll of recharging
 r - 4 scrolls of identify
Jewellery
 q - a ring of stealth (left hand)
 J - a +4 ring of slaying (right hand)
 T - an amulet of faith (around neck)
Potions
 k - 2 potions of resistance
 v - a potion of flight {unknown}
 R - 5 potions of curing
Rods
 g - a +4 lightning rod (12/12)
   (You acquired it on level 4 of the Swamp)


   Skills:
 + Level 14.8 Fighting
 + Level 18.1 Short Blades
 - Level 1.4(3.3) Slings
 - Level 5.1(5.2) Throwing
 - Level 3.0 Armour
 + Level 16.9 Dodging
 * Level 14.0 Stealth
 - Level 8.3 Shields
 - Level 0.4 Unarmed Combat
 * Level 7.1 Evocations


You had 16 spell levels left.
You didn't know any spells.

Dungeon Overview and Level Annotations

Branches:
Dungeon (15/15)            Temple (0/1) D:6             Orc (4/4) D:9
    Elf (0/3) Orc:4          Lair (8/8) D:9           Swamp (5/5) Lair:4
  Snake (0/5) Lair:6        Slime (0/6) Lair:6       Vaults (0/5) D:13
 Depths (0/5) D:15

Altars:
Dithmenos
Fedhas
Kikubaaqudgha
Makhleb
Trog
Vehumet
The Shining One
Beogh

Shops:
D:5 :   Orc:4 ?:(

Annotations:
Lair:6 exclusion: hydra
Lair:7 Snorg
Swamp:2 Nikola
Swamp:4 exclusion: 2 thorn hunters


Innate Abilities, Weirdness & Mutations

You are small and have problems with some larger weapons.
You are carnivorous and can eat meat at any time.


Message History

You block the swamp dragon's attack. x2
The swamp dragon misses you.
Evoke which item? (* to show all) (? for menu, Esc to quit)
Zapping:
W - a wand of enslavement
Press: ? - help, Shift-Dir - straight line, f - swamp dragon
Aim: a swamp dragon (poison gas, consumed by blood-lust, catching its breath)
The swamp dragon resists.
Your skill with magical items lets you calculate the power of this device...
This wand has 6 charges left.
You are engulfed in poison gas.
You are lethally poisoned!
* * * LOW HITPOINT WARNING * * *
x2 You feel very sick.
The spriggan rider hits the swamp dragon with a spear of flaming.
The spriggan rider burns the swamp dragon.
The spriggan rider misses you. You block the giant leech's attack.
The swamp drake breathes noxious fumes at you.
The noxious blast misses you.
The noxious blast hits the swamp dragon.
The noxious blast hits the giant leech.
The swamp dragon bites you!!
You die...

≈≈≈≈.≈♣♣♣ ≈♣♣
≈≈≈≈.≈≈.♣♣♣§♣
≈≈≈≈≈..≈≈♣♣..♣ .
.≈§.≈.≈...(≈.♣♣♣♣≈≈ ♣
♣♣♣≈≈.♣≈i.≈≈≈≈≈≈♣≈♣♣ ♣♣
♣.≈≈≈≈♣♣♣.≈≈≈≈≈≈♣≈.♣♣♣ ♣≈
♣≈.♣§§. ♣♣.≈≈§..≈≈≈.≈( ♣≈
♣♣§§..♣♣♣♣§§≈≈≈≈≈≈♣♣♣♣♣.
♣.§k§Dk@D§w§§≈≈≈≈≈≈≈♣≈.≈
♣≈≈§§≈≈iiw§§§t.≈§≈≈≈≈..≈≈
♣..§§§≈≈≈≈.≈≈..§≈≈≈.≈≈≈≈≈
♣♣≈≈♣♣≈≈≈♣≈.♣♣.[≈≈≈.≈≈≈≈≈
♣.. ♣♣♣≈♣♣♣♣♣≈.≈♣♣≈..≈≈≈
≈ ♣♣♣ ♣♣≈♣♣♣♣♣≈.≈≈ ♣♣♣
♣.≈≈≈ ♣≈≈≈≈ ♣♣♣♣♣


You could see 2 swamp dragons, 2 giant leeches, 2 spriggan riders, 2 swamp
drakes and a crocodile.

Vanquished Creatures
  A fire dragon (D:15)
  Harold (Lair:7)
  6 centaur warriors
  An ice dragon (D:15)
  5 hydras
  An orc high priest (Orc:4)
  7 death yaks
  A tengu warrior (D:14)
  7 alligators
  A catoblepas (Lair:4)
  2 unseen horrors (D:15)
  5 swamp dragons
  2 spriggan druids
  3 hill giants
  Pikel (D:6)
  2 lindwurms (Lair:8)
  9 orc knights
  2 red wasps (Swamp:1)
  2 orc sorcerers (Orc:4)
  7 elephants
  A griffon (Lair:5)
  8 slime creatures
  4 ugly things
  A wizard (D:13)
  2 black mambas
  A cyclops (D:12)
  A centaur zombie (D:13)
  Joseph (D:8)
  4 manticores
  2 feature mimics
  A queen ant (Lair:8)
  2 torpor snails
  11 komodo dragons
  20 spiny frogs
  An elf (shapeshifter) (D:13)
  An efreet (D:14)
  Grinder (D:6)
  A freezing wraith (D:14)
  8 giant leeches
  11 trolls
  A griffon zombie (D:15)
  7 bog bodies
  3 ravens
  A boulder beetle (Lair:8)
  5 two-headed ogres
  A raven (shapeshifter) (D:15)
  A hydra skeleton (D:11)
  6 basilisks
  15 baby alligators
  17 blink frogs
  4 shadows
  A trapdoor spider (D:14)
  57 yaks
  6 spriggans
  A hill giant zombie (D:11)
  Eustachio (D:8)
  A deep elf mage (D:13)
  A vampire (D:15)
  7 fire elementals (D:12)
  A steam dragon (D:9)
  2 wyverns
  A warg (D:9)
  A hill giant skeleton (D:14)
  2 nagas (Lair:6)
  12 vampire mosquitoes
  28 swamp worms
  16 wolves
  31 water moccasins
  15 hippogriffs
  6 soldier ants
  10 porcupines
  An ogre skeleton (D:11)
  2 phantoms
  4 yellow wasps
  4 necrophages
  22 orc warriors
  7 swamp drakes
  8 ogres
  5 ice beasts
  15 centaurs
  2 boring beetles
  A manticore skeleton (D:14)
  Blork the orc (D:4)
  17 crocodiles
  A big kobold (D:10)
  20 giant frogs
  4 insubstantial wisps (Swamp:4)
  A cyclops skeleton (D:15)
  An eye of draining (D:14)
  An eye of draining (shapeshifter) (D:13)
  4 killer bees (D:12)
  A scorpion (D:10)
  A hippogriff skeleton (D:8)
  7 wights
  2 quasits
  2 goliath beetles (D:9)
  4 crimson imps
  2 electric eels (Lair:8)
  A giant frog zombie (D:5)
  18 hounds
  18 orc priests
  2 two-headed ogre zombies
  6 jellies
  A two-headed ogre skeleton (D:6)
  Natasha (twice) (D:6)
  9 iguanas
  29 orc wizards
  27 sheep
  17 worker ants
  A sky beast zombie (D:7)
  Terence (D:3)
  40 adders
  26 gnolls
  36 green rats
  A worker ant zombie (D:10)
  2 shadow imps
  An inept item mimic (D:8)
  A goliath beetle zombie (D:8)
  2 worms
  An adder zombie (D:9)
  3 giant geckos
  2 oozes (D:1)
  208 orcs
  A ball python (D:4)
  9 bats
  2 bat skeletons
  4 giant cockroaches
  27 goblins
  30 hobgoblins
  12 jackals
  17 quokkas
  A giant gecko skeleton (D:6)
  9 giant newts
  A giant newt skeleton (D:4)
  31 kobolds
  2 kobold zombies
  2 orc zombies
  13 rats
  6 rat skeletons
  2 fungi
  4 plants
1177 creatures vanquished.

Vanquished Creatures (collateral kills)
  A hydra (Swamp:1)
  An alligator (Swamp:3)
  2 orc high priests (Orc:4)
  A soul eater (Orc:4)
  A spriggan (Swamp:3)
  A catoblepas (Lair:8)
  Erolcha (D:9)
  A spriggan druid (Swamp:3)
  2 swamp dragons (Swamp:3)
  3 ugly things (D:15)
  An orc knight (Orc:2)
  A red wasp (Swamp:1)
  2 orc sorcerers
  An iron devil (Orc:4)
  A jumping spider (shapeshifter) (D:13)
  A boulder beetle (Lair:8)
  A giant leech (Swamp:3)
  A yak (Lair:3)
  A ynoxinul (Orc:4)
  Grum (D:9)
  2 wolves (D:9)
  An orc warrior (Orc:2)
  A yellow wasp (Swamp:3)
  A crocodile (Swamp:1)
  A giant frog (Lair:3)
  2 yak skeletons (Orc:4)
  2 hounds
  3 orc wizards (Orc:2)
  3 orc priests
  2 orc zombies (Orc:4)
  7 orcs (Orc:2)
  5 rat skeletons (Orc:4)
55 creatures vanquished.

Vanquished Creatures (others)
  A deep troll (Swamp:1)
  2 hill giants (Orc:4)
  A two-headed ogre (Swamp:2)
  A tengu conjurer (D:14)
  2 ravens (D:14)
  2 slaves (D:6)
  An orc wizard (D:13)
  A giant gecko (D:6)
  An orc (D:6)
  A hobgoblin (Orc:4)
  A bat (D:6)
  A rat (D:6)
  2 rat skeletons (Orc:4)
  2 fungi (Lair:3)
  2 plants
21 creatures vanquished.

Grand Total: 1253 creatures vanquished

Notes
Turn   | Place    | Note
--------------------------------------------------------------
     0 | D:1      | DaftWullie, the Kobold Berserker, began the quest for the Orb.
     0 | D:1      | Reached XP level 1. HP: 14/14 MP: 1/1
    71 | D:1      | Reached XP level 2. HP: 19/19 MP: 2/2
   395 | D:1      | Reached XP level 3. HP: 24/24 MP: 3/3
   747 | D:2      | Acquired Trog's second power
   974 | D:2      | Reached XP level 4. HP: 29/29 MP: 4/4
  1113 | D:2      | Reached skill level 5 in Short Blades
  1270 | D:2      | Reached XP level 5. HP: 31/33 MP: 5/5
  1456 | D:3      | Found a shadowy altar of Dithmenos.
  1486 | D:3      | Upgraded the game from 0.15.1-3-g1b33baa to 0.15.1-4-gac8487e
  1560 | D:3      | HP: 1/33 [gnoll/halberd (7)]
  1572 | D:3      | HP: 1/33 [gnoll (5)]
  1575 | D:3      | Reached skill level 1 in Stealth
  1929 | D:3      | Reached XP level 6. HP: 11/39 MP: 6/6
  2218 | D:3      | Noticed Terence
  2381 | D:4      | Noticed Blork the orc
  2565 | D:4      | Found a burning altar of Makhleb.
  2566 | D:4      | Found a radiant altar of Vehumet.
  2722 | D:4      | Acquired Trog's third power
  3321 | D:4      | Reached skill level 5 in Dodging
  3411 | D:4      | Reached XP level 7. HP: 15/44 MP: 7/7
  3818 | D:5      | Entered Level 5 of the Dungeon
  3941 | D:5      | Reached skill level 5 in Fighting
  4205 | D:5      | Found Lacleq's Book Emporium.
  4276 | D:5      | Reached skill level 6 in Dodging
  4475 | D:5      | Reached skill level 1 in Throwing
  4475 | D:5      | Reached XP level 8. HP: 49/49 MP: 8/8
  4890 | D:6      | Found a staircase to the Ecumenical Temple.
  4890 | D:6      | Noticed a two-headed ogre
  4902 | D:6      | Reached skill level 7 in Short Blades
  4922 | D:6      | Noticed Grinder
  4925 | D:6      | Killed a two-headed ogre
  5374 | D:6      | Found an ancient bone altar of Kikubaaqudgha.
  5386 | D:6      | Noticed Natasha
  5410 | D:6      | Killed Natasha
  5524 | D:6      | Reached XP level 9. HP: 45/55 MP: 9/9
  5574 | D:6      | Noticed Pikel
  5637 | D:6      | Killed Pikel
  5637 | D:6      | Reached skill level 8 in Short Blades
  5637 | D:6      | Reached skill level 5 in Stealth
  5698 | D:6      | Killed Grinder
  6114 | D:6      | Noticed Natasha
  6120 | D:6      | Killed Natasha
  6142 | D:6      | Reached skill level 9 in Short Blades
  6571 | D:3      | Killed Terence
  6804 | D:4      | Killed Blork the orc
  7400 | D:7      | Reached skill level 1 in Slings
  7829 | D:8      | Noticed Eustachio
  7832 | D:8      | Killed Eustachio
  7875 | D:8      | Reached skill level 10 in Short Blades
  7875 | D:8      | Reached XP level 10. HP: 61/61 MP: 10/10
  8262 | D:8      | Got a transparent ring mail
  8397 | D:8      | Identified the +5 ring mail of Ihitsog {rC+ MR+} (You found it on level 8 of the Dungeon)
  8429 | D:8      | Noticed Joseph
  8457 | D:8      | Killed Joseph
  9046 | D:9      | Upgraded the game from 0.15.1-4-gac8487e to 0.15.2
  9094 | D:9      | Reached skill level 11 in Short Blades
  9408 | D:9      | Found a staircase to the Lair.
  9567 | Lair:1   | Entered Level 1 of the Lair of Beasts
  9829 | Lair:1   | Noticed a spiny frog
  9900 | Lair:1   | Killed a spiny frog
  9900 | Lair:1   | Reached skill level 12 in Short Blades
  9900 | Lair:1   | Reached skill level 10 in Dodging
 10235 | Lair:1   | Reached XP level 11. HP: 47/64 MP: 11/11
 10432 | Lair:1   | Reached skill level 1 in Shields
 10634 | Lair:1   | Reached skill level 13 in Short Blades
 12475 | Lair:3   | Found a burning altar of Makhleb.
 12615 | Lair:3   | Noticed a death yak
 12615 | Lair:3   | Noticed a death yak
 12615 | Lair:3   | Noticed a death yak
 12659 | Lair:3   | Killed a death yak
 12958 | Lair:3   | Noticed a death yak
 13194 | Lair:3   | Reached XP level 12. HP: 72/72 MP: 12/12
 13362 | Lair:3   | Found a staircase to the Shoals.
 13364 | Lair:3   | the staircase to the Shoals was a mimic.
 13633 | Lair:3   | Noticed a death yak
 13667 | Lair:3   | Killed a death yak
 13667 | Lair:3   | Reached skill level 10 in Fighting
 13735 | Lair:3   | Killed a death yak
 13735 | Lair:3   | Reached skill level 14 in Short Blades
 13737 | Lair:3   | Noticed a death yak
 13854 | Lair:3   | Killed a death yak
 14813 | Lair:3   | Killed a death yak
 15245 | Lair:3   | HP: 3/75 [yak (5)]
 15622 | Lair:4   | Found a staircase to the Swamp.
 15758 | Lair:4   | Reached XP level 13. HP: 79/79 MP: 13/13
 16644 | Lair:5   | Reached skill level 15 in Short Blades
 16830 | Lair:5   | Found a blossoming altar of Fedhas.
 17015 | Lair:5   | Reached skill level 5 in Shields
 17144 | Lair:6   | Received a gift from Trog
 17331 | Lair:6   | Received a gift from Trog
 17336 | Lair:6   | Got an obsidian-studded chain mail
 17791 | Lair:6   | Found a staircase to the Snake Pit.
 17818 | Lair:6   | Found a staircase to the Slime Pits.
 18830 | Lair:7   | Received a gift from Trog
 18870 | Lair:7   | Noticed Harold
 18901 | Lair:7   | Killed Harold
 19115 | Lair:7   | Noticed Snorg
 19592 | D:9      | Found a staircase to the Orcish Mines.
 19835 | D:9      | Noticed Grum
 19840 | D:9      | Killed Grum
 19844 | D:9      | Noticed Erolcha
 19845 | D:9      | Received a gift from Trog
 19850 | D:9      | Killed Erolcha
 20207 | D:10     | Entered Level 10 of the Dungeon
 20258 | D:10     | Found a flagged portal.
 20264 | D:10     | Received a gift from Trog
 20274 | Bailey   | Entered a bailey
 20636 | Bailey   | Received a gift from Trog
 21032 | D:10     | Received a gift from Trog
 21324 | Lair:2   | Reached skill level 10 in Stealth
 21324 | Lair:2   | Reached XP level 14. HP: 82/87 MP: 14/14
 21453 | Lair:2   | Reached skill level 5 in Throwing
 22823 | D:11     | Received a gift from Trog
 22921 | D:12     | Found a glowing golden altar of the Shining One.
 23335 | D:12     | Received a gift from Trog
 24489 | D:13     | Reached skill level 16 in Short Blades
 24619 | D:13     | Received a gift from Trog
 24912 | D:13     | Found a gate to the Vaults.
 25282 | Orc:1    | Entered Level 1 of the Orcish Mines
 25391 | Orc:1    | Received a gift from Trog
 25637 | Orc:1    | Found a bloodstained altar of Trog.
 25844 | Orc:2    | Received a gift from Trog
 26229 | Orc:2    | Received a gift from Trog
 26471 | Orc:2    | Received a gift from Trog
 26586 | Orc:2    | Found a roughly hewn altar of Beogh.
 27196 | Orc:3    | Received a gift from Trog
 27822 | D:9      | Noticed an elephant
 27850 | D:9      | Killed an elephant
 27850 | D:9      | Received a gift from Trog
 28518 | Orc:3    | Found a roughly hewn altar of Beogh.
 28709 | Orc:4    | Entered Level 4 of the Orcish Mines
 28796 | Orc:4    | Found a bloodstained altar of Trog.
 28940 | Orc:4    | Received a gift from Trog
 29257 | Orc:4    | Received a gift from Trog
 29332 | Orc:4    | Found a staircase to the Elven Halls.
 30337 | Lair:8   | Entered Level 8 of the Lair of Beasts
 30743 | Lair:8   | Received a gift from Trog
 30871 | Lair:8   | Reached XP level 15. HP: 76/94 MP: 15/15
 31432 | Orc:4    | Received a gift from Trog
 31466 | Orc:4    | Reached skill level 1 in Evocations
 32161 | Orc:4    | Received a gift from Trog
 32161 | Orc:4    | Reached skill level 17 in Short Blades
 32222 | Orc:4    | Paralysed by an orc sorcerer for 3 turns
 32247 | Orc:4    | Found Tearoves' Antique Weapon Shop.
 32247 | Orc:4    | Found Otaingiu's Magic Scroll Shoppe.
 32250 | Orc:4    | Found Arezxav Haipt's Book Shop.
 32250 | Orc:4    | Found Suepem's Weapon Shoppe.
 32260 | Orc:4    | Bought a scroll of identify for 32 gold pieces
 32260 | Orc:4    | Bought a scroll of identify for 32 gold pieces
 32260 | Orc:4    | Bought a scroll of identify for 32 gold pieces
 32264 | Orc:4    | Tearoves' Antique Weapon Shop was a mimic.
 33662 | D:14     | Received a gift from Trog
 33971 | D:15     | Entered Level 15 of the Dungeon
 34087 | D:15     | Reached skill level 15 in Dodging
 35209 | D:15     | Received a gift from Trog
 35228 | D:15     | Found a glowing golden altar of the Shining One.
 35589 | D:15     | Found a staircase to the Depths.
 35757 | D:14     | Reached XP level 16. HP: 98/101 MP: 7/22
 36001 | Lair:2   | Identified 2 scrolls of acquirement
 37355 | Swamp:1  | Entered Level 1 of the Swamp
 38585 | Swamp:1  | Reached skill level 5 in Evocations
 38595 | Swamp:1  | Received a gift from Trog
 39080 | Swamp:2  | Noticed Nikola
 40402 | Swamp:3  | Received a gift from Trog
 41174 | Swamp:4  | Noticed a thorn hunter
 41873 | Swamp:4  | Reached skill level 18 in Short Blades
 41924 | Swamp:4  | Received a gift from Trog
 41941 | Swamp:4  | Noticed a thorn hunter
 41991 | Swamp:4  | HP: 5/102 [poisoned by a swamp dragon (poison gas)]
 42493 | Swamp:4  | Reached XP level 17. HP: 101/107 MP: 20/26
 43315 | Swamp:5  | Entered Level 5 of the Swamp
 43403 | Swamp:5  | Slain by a swamp dragon

Action                   |  1- 3 |  4- 6 |  7- 9 | 10-12 | 13-15 | 16-18 || total
-------------------------+-------+-------+-------+-------+-------+-------++-------
Melee: Short sword       |    79 |   461 |   409 |  1255 |  3779 |  1071 ||  7054
       Cutlass           |       |       |       |       |   113 |       ||   113
       Dagger            |       |       |       |       |    63 |       ||    63
       Hunting sling     |       |       |       |       |     5 |       ||     5
       Scimitar          |       |       |       |       |     3 |    59 ||    62
       Unarmed           |       |       |       |       |       |    84 ||    84
       Rod               |       |       |       |       |       |     8 ||     8
 Fire: Hunting sling     |       |       |     4 |    63 |    99 |    14 ||   180
       Blowgun           |       |       |       |       |       |    18 ||    18
Throw: Stone             |       |    19 |    49 |    41 |   202 |    70 ||   381
Invok: Berserk           |     3 |     5 |    13 |    18 |    28 |    12 ||    79
       Trog's Hand       |       |     3 |     9 |     6 |    18 |     9 ||    45
       Burn Spellbooks   |       |     1 |     1 |     1 |     2 |       ||     5
       Brothers in Arms  |       |       |       |     1 |     8 |     6 ||    15
Evoke: Wand              |       |       |     1 |     3 |    28 |     6 ||    38
       Rod               |       |       |       |       |       |     8 ||     8
  Use: Scroll            |     3 |     1 |     8 |     3 |    20 |    12 ||    47
       Potion            |       |       |     2 |     4 |     1 |     9 ||    16
 Stab: Sleeping          |     1 |     4 |    15 |    19 |    77 |    16 ||   132
       Distracted        |       |       |       |     2 |     4 |     3 ||     9
       Confused          |       |       |       |       |     2 |     1 ||     3
  Eat: Chunk             |     9 |    11 |    30 |    43 |    93 |    39 ||   225
       Pizza             |       |     2 |     1 |     1 |     6 |     3 ||    13
       Beef jerky        |       |       |       |       |     1 |       ||     1
